Map: 얼어붙은 사원

Players

llllllllllll (Scarlett) - Winner!

  • Race: Zerg Zerg
  • League: Grandmaster

Miso

  • Race: Terran Terran
  • League: Master

VOD

Have the link to the VOD?

Description

Time

  • Played on: April 14, 2016, 1:35 p.m.
  • Length: 13:44
Show
View Real Time Build Order
Export as new Build Order

llllllllllll Zerg - Winner!

Build Orders: Hatch First 

Get SALT Encoding   

  12  0:00  Drone  
  13  0:08  Drone  
  14  0:17  Overlord  
  14  0:23  Extractor, Drone  
  15  0:39  Drone x2  
  17  0:52  Hatchery  
  17  0:55  Drone  
  17  1:00  Drone  
  18  1:12  Spawning Pool  
  18  1:14  Extractor  
  18  1:18  Drone  
  17  1:25  Drone  
  18  1:28  Drone  
  19  1:38  Overlord  
  19  1:52  Drone  
  20  1:58  Queen  
  20  2:00  Zergling x2  
  23  2:03  Queen  
  23  2:04  Drone  
  26  2:10  Zergling x2  
  27  2:15  Metabolic Boost  
  27  2:22  Drone x2  
  29  2:34  Queen  
  29  2:35  Drone x2  
  33  2:41  Queen  
  35  2:50  Drone  
  36  3:00  Overlord  
  36  3:10  Pneumatized Carapace  
  36  3:11  Overlord  
  36  3:19  Zergling x2  
  37  3:20  Drone x7  
  44  3:31  Drone  
  44  3:32  Drone x3  
  48  3:40  Roach Warren  
  47  3:43  Drone x4  
  47  3:44  Drone  
  52  3:53  Hatchery  
  51  4:00  Overlord  
  51  4:02  Drone  
  52  4:08  Evolution Chamber  
  52  4:09  Evolution Chamber  
  50  4:14  Drone x2  
  52  4:17  Extractor  
  52  4:18  Extractor  
  52  4:22  Drone x4  
  52  4:23  Drone x4  
  58  4:24  Queen  
  59  4:43  Zergling x2  
  59  4:44  Spore Crawler  
  58  4:53  Zergling x2  
  58  4:54  Zergling x2  
  58  5:00  Lair, Spore Crawler  
  58  5:01  Drone x3  
  60  5:07  Zerg Ground Armor Level 1, Zerg Melee Weapons Level 1  
  60  5:18  Drone x4  
  60  5:19  Drone x2  
  66  5:26  Drone x3  
  66  5:33  Overlord x3  
  66  5:38  Extractor  
  66  5:41  Zergling x2  
  66  5:51  Queen  
  66  5:52  Extractor  
  66  5:53  Extractor, Drone x10  
  76  5:58  Hatchery  
  76  6:01  Zergling x4  
  77  6:08  Roach x5, Infestation Pit  
  83  6:36  Drone x7  
  90  6:43  Overlord x5  
  90  6:52  Hatchery  
  90  6:53  Hive  
  88  6:56  Zergling x2  
  88  7:00  Queen  
  91  7:08  Drone  
  91  7:09  Drone x4  
  91  7:11  Infestor x4  
  91  7:14  Roach x5  
  112  7:23  Zergling x2  
  112  7:24  Zerg Ground Armor Level 2  
  113  7:33  Drone  
  113  7:34  Drone x3  
  113  7:35  Queen  
  113  7:36  Zergling x8  
  111  7:57  Drone x9  
  117  8:03  Drone  
  117  8:04  Drone  
  119  8:10  Zerg Melee Weapons Level 2  
  119  8:11  Adrenal Glands  
  119  8:13  Queen  
  119  8:16  Zergling x2  
  119  8:17  Zergling x14  
  130  8:20  Zergling x2  
  130  8:23  Ravager x4  
  130  8:24  Zergling x2  
  134  8:31  Zergling x10  
  136  8:44  Ravager x3  
  136  8:45  Overlord x4, Ravager x2  
  136  8:46  Overlord x2  
  141  8:55  Drone  
  141  9:00  Spine Crawler  
  141  9:01  Spore Crawler  
  140  9:03  Extractor  
  140  9:04  Extractor  
  140  9:05  Drone x4  
  140  9:06  Ultralisk Cavern, Drone x14  
  155  9:13  Ravager  
  149  9:27  Zergling x10  
  148  9:32  Overseer  
  145  9:44  Zergling x20  
  145  9:45  Zergling x24  
  161  9:57  Drone x4  
  161  9:58  Drone  
  166  10:00  Spine Crawler, Spore Crawler, Drone x2  
  166  10:02  Zerg Ground Armor Level 3, Chitinous Plating  
  166  10:05  Drone x4  
  170  10:07  Spine Crawler  
  170  10:09  Overlord  
  170  10:10  Overlord  
  169  10:25  Ultralisk x2  
  193  10:35  Ultralisk x2  
  193  10:42  Ultralisk  
  198  10:44  Spire, Zergling x4  
  198  10:49  Spine Crawler  
  198  10:52  Zergling x4  
  199  11:33  Spire, Pathogen Glands  
  199  11:35  Hatchery  
  199  11:38  Baneling Nest  
  196  11:43  Zergling x6  
  148  12:14  Ultralisk x6  
  174  12:21  Corruptor  
  168  12:23  Zergling x2  
  168  12:24  Zergling x46  
  178  12:39  Infestor x2  
  178  12:43  Zergling x18  
  171  12:56  Corruptor  
  171  12:57  Corruptor x3  
  178  13:05  Extractor x2  
  172  13:14  Corruptor x2  
  172  13:17  Zergling x26  
Show
View Real Time Build Order
Export as new Build Order

Miso Terran 

Build Orders: Reaper Expand, MMM Bio 

Get SALT Encoding   

  12  0:00  SCV  
  13  0:13  SCV  
  14  0:18  Supply Depot  
  14  0:25  SCV  
  15  0:40  SCV  
  15  0:41  Barracks  
  16  0:45  Refinery  
  16  0:52  SCV  
  17  1:04  SCV  
  18  1:16  SCV  
  19  1:28  Orbital Command  
  19  1:29  Reaper  
  20  1:39  Command Center  
  20  1:49  Refinery  
  21  1:54  SCV  
  21  1:56  Supply Depot  
  21  2:06  Factory  
  21  2:09  SCV  
  21  2:11  Marine  
  23  2:21  SCV  
  24  2:35  Barracks Reactor, SCV  
  25  2:47  SCV  
  25  2:49  Factory Tech Lab, Starport  
  26  2:51  Orbital Command  
  26  2:59  SCV  
  27  3:08  Widow Mine  
  27  3:11  Marine x2, SCV  
  32  3:18  SCV  
  33  3:21  Supply Depot  
  33  3:23  SCV  
  33  3:25  Medivac  
  36  3:29  Marine x2  
  36  3:30  SCV  
  39  3:35  SCV  
  39  3:37  Siege Tank  
  43  3:42  SCV  
  43  3:46  Supply Depot  
  43  3:47  Marine x2, SCV  
  47  3:54  SCV  
  48  3:59  SCV  
  48  4:01  Barracks  
  49  4:06  SCV  
  50  4:15  SCV  
  50  4:18  Factory Reactor  
  50  4:21  SCV, Supply Depot  
  51  4:24  Marine, Barracks  
  51  4:25  Stimpack  
  52  4:31  Starport Reactor  
  52  4:40  SCV  
  52  4:41  SCV  
  52  4:42  Marine  
  55  4:52  SCV  
  55  4:58  SCV  
  54  5:00  Barracks  
  54  5:02  Supply Depot  
  54  5:04  Command Center  
  54  5:05  Marine, SCV  
  54  5:06  Factory Reactor  
  54  5:07  Marine x2  
  51  5:09  Medivac x2  
  51  5:10  SCV  
  51  5:12  Refinery  
  58  5:14  Refinery  
  58  5:18  Engineering Bay  
  58  5:19  SCV  
  59  5:23  Marine x2  
  59  5:24  Marine x2  
  59  5:27  SCV  
  64  5:30  Supply Depot  
  64  5:31  SCV  
  64  5:34  Marine  
  64  5:40  Barracks  
  64  5:41  Marine, SCV  
  66  5:43  Terran Infantry Weapons Level 1  
  66  5:45  Engineering Bay  
  66  5:46  Marine  
  67  5:52  SCV  
  67  5:54  SCV  
  67  5:55  Marine x2  
  67  5:56  Marine, Barracks Tech Lab  
  72  5:58  Widow Mine x2  
  72  6:02  Medivac  
  72  6:04  SCV  
  79  6:09  Marine  
  79  6:10  Marine  
  81  6:11  Terran Infantry Armor Level 1  
  81  6:12  Supply Depot  
  81  6:13  Supply Depot  
  81  6:14  Marine  
  81  6:21  Marine x3  
  81  6:22  SCV  
  82  6:26  Marine  
  82  6:27  Marine x2  
  82  6:32  Marine  
  80  6:36  Medivac x2  
  80  6:39  Marine x2  
  86  6:42  Combat Shields  
  86  6:43  Marauder  
  86  6:44  SCV x2  
  90  6:50  Barracks Reactor  
  90  6:51  Marine x2  
  90  6:52  Marine  
  93  6:56  Marine  
  93  6:57  Marine  
  93  7:01  Orbital Command  
  95  7:02  Widow Mine x2  
  95  7:04  Marine  
  95  7:08  Medivac x2  
  95  7:09  Marine  
  95  7:12  Marine  
  95  7:13  Marine  
  95  7:15  Marauder  
  104  7:23  Marine  
  104  7:24  Marauder  
  104  7:27  Marine  
  108  7:30  Marine x2  
  108  7:33  Marine x2  
  110  7:42  SCV  
  110  7:44  Armory  
  110  7:45  SCV  
  110  7:47  Orbital Command  
  110  7:48  Marine x4, Marauder, Supply Depot x2  
  110  7:49  Supply Depot  
  110  7:50  Marine, Supply Depot  
  118  7:54  SCV  
  118  7:56  Marine  
  118  7:58  Concussive Shells  
  114  8:01  Widow Mine  
  114  8:03  SCV  
  116  8:06  Marauder  
  116  8:07  SCV  
  116  8:10  Marauder  
  121  8:13  SCV  
  121  8:15  Medivac  
  121  8:17  Medivac  
  126  8:26  Marine  
  126  8:27  Marine  
  126  8:28  Marauder  
  126  8:29  Marine  
  125  8:42  Marine x3  
  125  8:43  Marauder  
  125  8:45  Medivac  
  125  8:47  Marine x3  
  133  8:48  Terran Infantry Weapons Level 2  
  133  8:49  Marauder  
  133  8:54  Terran Infantry Armor Level 2  
  135  9:00  Marine  
  135  9:01  Marine x2  
  138  9:03  Marine  
  138  9:05  Marine  
  138  9:06  SCV x2  
  138  9:07  Starport  
  138  9:09  Starport, Refinery x2  
  121  9:26  Marine  
  121  9:27  Marauder  
  121  9:30  Marine x4, Widow Mine  
  121  9:31  Marauder, Medivac  
  128  9:32  Marine, Medivac  
  132  9:40  Liberator x2  
  132  9:44  Marine, Liberator  
  117  9:48  Marine x3, Marauder  
  117  9:50  Liberator  
  111  9:55  Marine  
  111  9:56  Marauder  
  111  9:58  Liberator  
  114  10:02  Command Center  
  114  10:04  Marine  
  121  10:18  Factory Tech Lab  
  121  10:19  Marine x4  
  121  10:20  Marauder  
  121  10:21  Marine  
  129  10:28  Marine x2  
  129  10:29  Liberator  
  129  10:30  SCV x3  
  129  10:32  Liberator  
  129  10:34  Supply Depot  
  129  10:35  Supply Depot  
  133  10:37  Barracks x2  
  133  10:38  Barracks, Liberator  
  133  10:43  Marine  
  133  10:44  Marine x4, Marauder  
  133  10:46  Marine x2  
  150  11:04  Liberator  
  150  11:06  Liberator  
  150  11:07  Marine x4, Marauder  
  156  11:14  Marine, Marauder  
  159  11:20  Fusion Core  
  165  11:28  Marauder  
  167  11:35  Marauder  
  169  11:40  Refinery  
  169  11:41  Refinery  
  169  11:50  Marauder  
  103  12:04  Marine x7, Marauder  
  103  12:05  Liberator  
  103  12:06  Marine  
  95  12:11  Marauder  
  91  12:21  Battlecruiser  
  95  12:24  Marine  
  89  12:35  Marine x2  
  89  12:36  Marine, Marauder  
  87  12:37  Marine  
  87  12:43  Marine, Marauder  
  86  12:55  Marine  
  86  12:57  Marauder  
  88  13:03  Marine x2  
  90  13:06  Marine  
  89  13:14  Marine x4  
  89  13:15  Marauder  
  89  13:17  Marine  
  89  13:18  Marine  
  80  13:21  Marine x2  
  80  13:24  Marine  
Tags
 
Add a new tag
Caveats
  • Supply blocks, unpowered buildings, or Contaminate may cause inaccurate times.
  • Supply counts are checked every 10 seconds.